 Dungeon Crawl Stone Soup version 0.23-a0-622-g59b4ea9 (console) character file.

9137 bli the Cleaver (level 11, -10/89 HPs)
             Began as a Formicid Abyssal Knight on Dec 22, 2018.
             Was a High Priest of Lugonu.
             Killed from afar by a manticore (13 damage)
             ... with a volley of spikes
             ... on level 11 of the Dungeon on Dec 23, 2018.
             The game lasted 01:03:49 (10732 turns).

bli the Cleaver (Formicid Abyssal Knight)          Turns: 10732, Time: 01:03:49

Health: -10/89     AC:  0    Str: 18    XL:     11   Next: 68%
Magic:  6/13       EV: 21    Int: 14    God:    Lugonu [*****.]
Gold:   452        SH:  5    Dex: 17    Spells: 10/10 levels left

rFire    . . .     SeeInvis .   (weapon currently unavailable)
rCold    . . .     Gourm    .   (shield currently unavailable)
rNeg     . . .     Faith    .   (armour currently unavailable)
rPois    .         Spirit   .   (helmet unavailable)
rElec    .         Reflect  +   (cloak currently unavailable)
rCorr    .         Harm     .   (gloves currently unavailable)
MR       +....                  (boots currently unavailable)
Stlth    ++........             g - +5 amulet of reflection
HPRegen  0.24/turn              (ring currently unavailable)
MPRegen  0.13/turn              (ring currently unavailable)

@: bat-form, marked, barbed spikes, flying, very quick
A: tiny, permanent stasis, dig shafts and tunnels, four strong arms, clever 1
a: Depart the Abyss, Bend Space, Banish, Corrupt, Enter the Abyss, Renounce
Religion


You were on level 11 of the Dungeon.
You worshipped Lugonu.
Lugonu was extremely pleased with you.
You were not hungry.
You were in bat-form.
You visited 2 branches of the dungeon, and saw 12 of its levels.
You visited the Abyss 1 time.
You visited 1 bazaar.

You collected 830 gold pieces.
You spent 378 gold pieces at shops.

Inventory:

Hand Weapons
 a - a +1 battleaxe of chopping (melded)
 b - a +0 hunting sling
 y - a +1 hand axe
 F - a +0 hand axe of flaming
 H - a +2 dire flail of protection
 M - a +0 whip of pain
 N - a +1 trident of venom
 S - a +0 morningstar
Missiles
 f - 323 stones (quivered)
 i - 124 sling bullets
 J - 6 tomahawks
 K - 3 tomahawks of returning
 O - 2 tomahawks of dispersal
Armour
 l - a +2 buckler (melded)
 p - a +0 cloak
 w - a +1 ring mail of positive energy
 x - the +4 scale mail of Wonder (melded) {rPois rCorr Str+2 Dex+6}
   (You bought it in a shop on level 8 of the Dungeon)

   It affects your strength (+2).
   It affects your dexterity (+6).
   It protects you from poison.
   It provides partial protection from all sources of acid and corrosion.
 C - a +1 ring mail of magic resistance
 T - a scarf of spirit shield (melded)
Magical Staves
 V - an uncursed staff of poison
Jewellery
 e - a +3 ring of strength (melded)
 g - a +5 amulet of reflection (around neck)
 j - a ring of protection from fire (melded)
Wands
 B - a wand of iceblast (8)
 E - a wand of digging (4)
 G - a wand of paralysis (5)
 P - a wand of acid (5)
Scrolls
 h - 3 scrolls of amnesia
 k - a scroll of fog {unknown}
 m - 2 scrolls of magic mapping
 n - 2 scrolls of enchant weapon
 r - 2 scrolls of remove curse
 u - 3 scrolls of noise {unknown}
 v - 3 scrolls of enchant armour
 I - a scroll of fear {unknown}
 Q - a scroll of acquirement {unknown}
 R - a scroll of summoning {unknown}
 U - 2 scrolls of identify
Potions
 d - a potion of cancellation {unknown}
 o - a potion of ambrosia {unknown}
 q - a potion of agility {unknown}
 s - 2 potions of degeneration {unknown}
 t - 4 potions of curing
 z - 2 potions of flight
 A - a potion of haste
 L - 2 potions of resistance
 W - a potion of might {unknown}
 X - a potion of heal wounds {unknown}
Comestibles
 c - 6 rations


   Skills:
 + Level 9.4 Fighting
 + Level 11.2(11.6) Axes
 * Level 5.0(8.9) Maces & Flails
 - Level 1.0 Slings
 * Level 8.0 Armour
 + Level 3.5 Dodging
 + Level 5.3 Shields
 * Level 3.3 Invocations
 + Level 0.5 Evocations


You had 10 spell levels left.
You didn't know any spells.
Your spell library contained the following spells:

 Spells                   Type           Power        Failure   Level  Hunger
 Animate Skeleton         Necr           N/A          28%         1    ##.....
 Pain                     Necr           #...         28%         1    ##.....
 Regeneration             Chrm/Necr      #.........   65%         3    ####...
 Vampiric Draining        Necr           #.........   65%         3    ####...
 Animate Dead             Necr           N/A          96%         4    #####..
 Leda's Liquefaction      Hex/Erth       #.........   96%         4    #####..
 Bolt of Magma            Conj/Fire/Erth #.........   100%        5    ######.
 Iron Shot                Conj/Erth      #.........   100%        6    #######
 Statue Form              Tmut/Erth      #........    100%        6    #######
 Shatter                  Erth           #.........   100%        9    #######


Dungeon Overview and Level Annotations

Branches:
Dungeon (12/15)            Temple (0/1) D:7             Orc (1/2) D:12
   Lair: D:8-11

Altars:
Ashenzari
Cheibriados
Elyvilon
Fedhas
Gozag
Kikubaaqudgha
Nemelex Xobeh
Okawaru
Ru
Sif Muna
Trog
Vehumet
Wu Jian
Zin
The Shining One

Shops:
D:8 [

Annotations:
D:11 Harold
D:12 exclusion: orange crystal statue


Innate Abilities, Weirdness & Mutations

You cannot be hasted, slowed, berserked, paralysed or teleported.
You can dig through walls and to a lower floor.
Your four strong arms can wield two-handed weapons with a shield.
((You have a pair of large antennae on your head. (SInv)))
Your mind is acute. (Int +2)
((Your flesh is heat resistant. (rF+)))


Message History

Harold throws a throwing net.
You reflect the throwing net off an invisible shield around you!
The throwing net hits Harold.
Harold is caught in the net!
Harold struggles The manticore flicks its tail.
The volley of spikes misses you.
Okay, then.
Unknown command.
You feel better.
Harold zaps a wand.
You resist with almost no effort.
Harold The manticore flicks its tail.
The volley of spikes hits you!
The barbed spikes become lodged in your body.
* * * LOW HITPOINT WARNING * * *
Okay, then.
Unknown command.
It was a potion of flight.
You feel more buoyant.
The manticore flicks its tail.
The volley of spikes hits you!
The barbed spikes become lodged in your body.
You die...

#..#........##.....
##..........#......
##...........@.####.
#..............## #{
#§..@.........# ..
#...#.........##..
##H..#..........###
#....(..........#..
#####...%..............
##....(.................
#......b.........>......
#.....(##........†).....
###.... #.............##
#.#.. ..............# #
#.. ..............# ...
.............# ##..
...........#... #.#
........###... ...#...##
###


You could see Harold (caught) and a manticore.

Vanquished Creatures
  A cyclops (D:12)
  2 ugly things (D:12)
  A gargoyle (D:12)
  2 kobold demonologists (D:12)
  A troll (D:12)
  A blink frog (shapeshifter) (D:12)
  2 slime creatures (D:12)
  2 hippogriffs
  Sigmund (D:4)
  Eustachio (D:4)
  A redback (D:12)
  A wraith (D:12)
  5 yaks (D:12)
  A wyvern (D:6)
  A basilisk (D:12)
  A hungry ghost (D:12)
  Edmund (D:4)
  A two-headed ogre zombie (D:12)
  2 water moccasins
  A black bear (D:12)
  3 orc warriors
  2 ice beasts
  6 ogres
  A phantom (D:12)
  A centaur (D:9)
  6 bullfrogs
  A big kobold (D:7)
  A gnoll sergeant (D:7)
  3 scorpions
  2 troll zombies (D:12)
  4 killer bees (D:11)
  A howler monkey (D:7)
  3 lava snakes (D:12)
  A centaur zombie (D:7)
  3 crimson imps
  A bullfrog zombie (D:3)
  4 hounds
  4 jellies
  7 orc wizards
  2 bullfrog skeletons
  7 orc priests
  A centaur skeleton (D:6)
  2 iguanas
  Ijyb (D:3)
  7 worker ants
  5 ogre zombies (D:12)
  2 hound skeletons
  2 worker ant zombies (D:7)
  9 adders
  6 gnolls
  3 shadow imps
  A white imp (D:6)
  An ooze (D:3)
  5 worms
  6 dart slugs
  7 leopard geckos
  26 orcs
  4 bats
  A giant cockroach (D:2)
  7 goblins
  3 hobgoblins
  4 jackals (D:4)
  7 quokkas
  A ball python (D:1)
  6 frilled lizards
  A giant cockroach zombie (D:5)
  2 goblin skeletons (D:6)
  4 goblin zombies
  3 hobgoblin skeletons (D:12)
  4 hobgoblin zombies
  13 kobolds
  A kobold skeleton (D:6)
  A kobold zombie (D:6)
  4 orc skeletons
  13 orc zombies (D:12)
  A quokka skeleton (D:5)
  6 rats
  5 plants (D:4)
267 creatures vanquished.

Vanquished Creatures (others)
  5 plants (D:4)
5 creatures vanquished.

Grand Total: 272 creatures vanquished

Notes
Turn   | Place    | Note
-------+----------+-------------------------------------------
     0 | Abyss:1  | bli the Formicid Abyssal Knight began the quest for the
                  | Orb.
     0 | Abyss:1  | Reached XP level 1. HP: 18/18 MP: 2/2
    60 | Abyss:1  | Noticed a dire elephant zombie
    61 | Abyss:1  | Noticed a large abomination
    65 | D:1      | Escaped the Abyss
   229 | D:1      | Reached * piety under Lugonu
   229 | D:1      | Reached skill level 1 in Dodging
   229 | D:1      | Reached XP level 2. HP: 10/24 MP: 3/3
   914 | D:1      | Found a snail-covered altar of Cheibriados.
   954 | D:2      | Reached XP level 3. HP: 13/29 MP: 4/4
  1099 | D:2      | Reached skill level 3 in Axes
  1328 | D:2      | Found a sacrificial altar of Ru.
  1793 | D:2      | Upgraded the game from 0.23-a0-619-g281719c to
                  | 0.23-a0-622-g59b4ea9
  1835 | D:2      | Reached XP level 4. HP: 37/37 MP: 5/5
  2017 | D:3      | Found a radiant altar of Vehumet.
  2020 | D:3      | Reached skill level 1 in Shields
  2079 | D:3      | Found a shattered altar of Ashenzari.
  2397 | D:3      | Reached XP level 5. HP: 41/42 MP: 6/6
  2435 | D:3      | Found a faded altar of an unknown god.
  2495 | D:3      | Reached skill level 1 in Slings
  2648 | D:3      | HP: 2/42 [poisoned by an adder]
  2888 | D:3      | Reached ** piety under Lugonu
  3143 | D:3      | Noticed Ijyb
  3163 | D:3      | Killed Ijyb
  3269 | D:3      | Found a bloodstained altar of Trog.
  3607 | D:4      | Reached skill level 4 in Axes
  3631 | D:4      | Noticed Sigmund
  3653 | D:4      | Reached XP level 6. HP: 49/49 MP: 7/7
  3661 | D:4      | Got a spiked helmet
  3664 | D:4      | Noticed Eustachio
  3695 | D:4      | Noticed an ogre
  3698 | D:4      | Killed Eustachio
  3702 | D:4      | Killed an ogre
  3702 | D:4      | Reached skill level 5 in Axes
  3702 | D:4      | Reached XP level 7. HP: 18/55 MP: 8/8
  3901 | D:4      | Killed Sigmund
  3901 | D:4      | Reached skill level 5 in Fighting
  4081 | D:4      | Found an iron altar of Okawaru.
  4314 | D:4      | Noticed Edmund
  4324 | D:4      | Killed Edmund
  4324 | D:4      | Reached skill level 6 in Axes
  4324 | D:4      | Reached XP level 8. HP: 43/62 MP: 9/9
  4634 | D:4      | Found an opulent altar of Gozag.
  4964 | D:5      | Entered Level 5 of the Dungeon
  4981 | D:5      | Found a sparkling altar of Nemelex Xobeh.
  5249 | D:5      | Found an ancient bone altar of Kikubaaqudgha.
  5501 | D:5      | Found a shattered altar of Ashenzari.
  5525 | D:5      | Reached skill level 7 in Axes
  5850 | D:5      | Found a blossoming altar of Fedhas.
  6177 | D:6      | Reached *** piety under Lugonu
  6195 | D:6      | Found a glowing golden altar of the Shining One.
  6283 | D:6      | Found a deep blue altar of Sif Muna.
  6393 | D:6      | Reached XP level 9. HP: 68/69 MP: 10/10
  6409 | D:6      | Found a white marble altar of Elyvilon.
  6708 | D:6      | Reached skill level 8 in Axes
  6815 | D:7      | Reached skill level 5 in Armour
  6983 | D:7      | Reached skill level 1 in Maces & Flails
  6990 | D:7      | Reached **** piety under Lugonu
  6995 | D:7      | You fall through a shaft!
  6995 | D:8      | Found Pacaqo's Antique Armour Boutique.
  7296 | D:8      | Bought a faintly glowing scale mail for 288 gold pieces
  7306 | D:8      | Identified the +4 scale mail of Wonder {rPois rCorr Str+2
                  | Dex+6} (You bought it in a shop on level 8 of the Dungeon)
  7432 | D:7      | Found a staircase to the Ecumenical Temple.
  7628 | D:7      | Found an ornate altar of the Wu Jian Council.
  7656 | D:7      | Reached skill level 9 in Axes
  7738 | D:7      | Found a glowing silver altar of Zin.
  8190 | D:8      | Reached XP level 10. HP: 79/80 MP: 11/11
  8629 | D:9      | You fall through a shaft for 2 floors!
  8629 | D:11     | Noticed Harold
  8894 | D:12     | Reached skill level 10 in Axes
  8898 | D:12     | Reached ***** piety under Lugonu
  8978 | D:12     | Found a staircase to the Orcish Mines.
  9150 | D:12     | Noticed a purple ugly thing
  9156 | D:12     | Killed a purple ugly thing
  9196 | D:12     | Reached XP level 11. HP: 31/87 MP: 12/12
  9227 | D:12     | Found a flickering gateway to a bazaar.
  9242 | Bazaar   | Entered a bazaar
  9242 | Bazaar   | Found Ufabb's Armour Emporium.
  9242 | Bazaar   | Found Cuow's Book Shoppe.
  9242 | Bazaar   | Found Noillaf's Jewellery Emporium.
  9242 | Bazaar   | Found Yclunkak's Jewellery Emporium.
  9271 | Bazaar   | Bought a scarf of spirit shield for 90 gold pieces
  9416 | D:12     | Reached skill level 5 in Shields
  9490 | D:12     | Gained mutation: Your flesh is heat resistant. (rF+)
                  | [potion of mutation]
  9490 | D:12     | Gained mutation: Your mind is acute. (Int +2) [potion of
                  | mutation]
  9713 | D:12     | Noticed an orange crystal statue
  9903 | D:12     | Noticed a red ugly thing
  9912 | D:12     | Killed a red ugly thing
 10149 | Orc:1    | Entered Level 1 of the Orcish Mines
 10255 | D:12     | Reached skill level 11 in Axes
 10311 | D:12     | Noticed a cyclops
 10337 | D:12     | Killed a cyclops
 10693 | D:11     | Reached skill level 5 in Maces & Flails
 10712 | D:11     | Noticed a manticore
 10731 | D:11     | HP: 2/89 [manticore/volley of spikes (15)]
 10732 | D:11     | Killed from afar by a manticore

Vault maps used:
D:1:      dpeg_arrival_water_altar, minivault_19
D:2:      nicolae_ru_awakened_eye, serial_bayou_lagoon_b
D:3:      vehumet_crystals, lightli_temple_of_fire,
          chequers_ecumenical_altar_simple, ashenzari_altar_1, uniq_ijyb
D:4:      kennysheep_little_box, grunt_gozag_breadcrumbs, serial_bayou,
          serial_bayou_pond_c, serial_bayou_shore_b, serial_bayou_lagoon_a,
          serial_bayou_pond_c, first_ration, uniq_sigmund, uniq_edmund,
          uniq_eustachio
D:5:      nemelex_xobeh_ov_fountains_minmay, lemuel_doored_altar,
          lemuel_round_altar, basic_altar
D:6:      nicolae_overflow_crystal_walls, nicolae_tso_besieged_by_evil,
          basic_altar, minmay_microvault
D:7:      zin_treasury, lemuel_crystal_altar, minmay_temple_entry_antechambers
D:8:      serial_shops, shop_fountains
D:9:      lemuel_round_altar, david_nohive_1
D:11:     david_lair_generic, minivault_7, uniq_harold
D:12:     minmay_open_boxes_in_corner, zombieorc2_lemuel, serial_shops,
          bzr_entry_islet, disabler_island
Orc:1:    ebering_ghost_inner_flame, lightli_orcish_oven, uniq_josephine
Bazaar:   bazaar_minmay_row

Skill      XL: |  1  2  3  4  5  6  7  8  9 10 11 |
---------------+----------------------------------+-----
Dodging        | 1 2 3 |  3.5
Axes           | 3 4 5 6 7 9 10 11 | 11.2
Shields        | 1 2 3 4 5 |  5.3
Fighting       | 4 5 6 7 8 9 |  9.4
Slings         | 1 |  1.0
Armour         | 3 4 5 6 8 |  8.0
Maces & Flails | 2 3 5 |  5.0
Invocations    | 3 |  3.3
Evocations     | |  0.5

Action                   |  1- 3 |  4- 6 |  7- 9 | 10-12 || total
-------------------------+-------+-------+-------+-------++-------
Melee: Hand axe          |   126 |    49 |       |       ||   175
       Battleaxe         |       |    50 |   302 |   254 ||   606
 Fire: Hunting sling     |    13 |    48 |    98 |    88 ||   247
Throw: Stone             |     3 |     1 |    50 |    77 ||   131
Invok: Depart the Abyss  |     1 |       |       |       ||     1
       Bend Space        |       |       |       |     2 ||     2
 Abil: Dig               |     1 |       |     3 |     6 ||    10
       Shaft Self        |       |       |     1 |       ||     1
Evoke: Wand              |       |     1 |     2 |     5 ||     8
  Use: Scroll            |       |       |    11 |     1 ||    12
       Potion            |       |       |       |     3 ||     3
  Eat: Chunk             |     3 |     5 |    14 |     4 ||    26
       Ration            |       |       |     1 |     2 ||     3
Armor: Leather armour    |    27 |    16 |     5 |       ||    48
       Ring mail         |       |       |    47 |       ||    47
       Scale mail        |       |       |    15 |    86 ||   101
Dodge: Dodged            |    51 |    48 |   138 |    98 ||   335
Block: Buckler           |    12 |    30 |   107 |   158 ||   307
       Reflection        |       |       |       |     6 ||     6
       Other             |       |       |       |     1 ||     1

Table legend:
 A = Non-vault XP
 B = Vault XP
 C = Vault XP percentage of total XP
 D = Non-vault monster count
 E = Vault monster count
 F = Vault count percentage of total count
                 A         B        C        D         E       F
            +---------+---------+-------+---------+---------+-------
      Total |    9761 |    3292 |  25.2 |     202 |      60 |  22.9
            +---------+---------+-------+---------+---------+-------
        D:1 |      25 |       0 |   0.0 |      14 |       0 |   0.0
        D:2 |      50 |       0 |   0.0 |      20 |       0 |   0.0
        D:3 |     129 |      36 |  21.8 |      22 |       1 |   4.3
        D:4 |     484 |     576 |  54.3 |      27 |       3 |  10.0
        D:5 |     494 |       0 |   0.0 |      22 |       0 |   0.0
        D:6 |     348 |     218 |  38.5 |      10 |       9 |  47.4
        D:7 |    1306 |       0 |   0.0 |      34 |       0 |   0.0
        D:8 |     582 |       0 |   0.0 |       9 |       0 |   0.0
        D:9 |     732 |       0 |   0.0 |       8 |       0 |   0.0
       D:11 |     473 |       0 |   0.0 |       7 |       0 |   0.0
       D:12 |    5138 |    2462 |  32.4 |      29 |      47 |  61.8
            +---------+---------+-------+---------+---------+-------
